 Dungeon Crawl Stone Soup version bcrawl-1.12-8-g964540c432 (webtiles) character file.

Game seed: 17565617704524958551

112 EnegeticOcto the Chopper (level 4, 0/38 HPs)
             Began as a Minotaur Sloth Apostle on June 9, 2019.
             Was a Believer of Cheibriados.
             Killed by nerve-wracking pain
             ... invoked by an orc priest
              (14 damage)
             ... on level 3 of the Dungeon.
             The game lasted 00:01:35 (2841 turns).

EnegeticOcto the Chopper (Minotaur Sloth Apostle)   Turns: 2841, Time: 00:01:35

Health: 0/38       AC:  6    Str: 24    XL:     4   Next: 63%
Magic:  4/4        EV:  9    Int: 15    God:    Cheibriados [**....]
Gold:   174        SH: 10    Dex: 15    Spells: 4/5 levels left

rFire    . . .     SeeInvis .   a - +0 hand axe
rCold    . . .     Gourm    .   c - +0 shield
rNeg     . . .     Faith    .   f - +0 ring mail
rPois    .         Spirit   .   (helmet restricted)
rElec    .         Reflect  .   (no cloak)
rCorr    .         Harm     .   (no gloves)
MR       .....                  l - +0 pair of boots
Stlth    ++........             (no amulet)
HPRegen  0.12/turn              (no ring)
MPRegen  0.09/turn              (no ring)

@: very slow
A: retaliatory headbutt, horns 2
a: Bend Time, Renounce Religion


You were on level 3 of the Dungeon.
You worshipped Cheibriados.
Cheibriados was pleased with you.
You were not hungry.

You visited 1 branch of the dungeon, and saw 3 of its levels.

You collected 174 gold pieces.

Inventory:

Hand Weapons
 a - a +0 hand axe (weapon)
Armour
 c - a +0 shield (worn)
 f - a +0 ring mail (worn)
 l - a +0 pair of boots (worn)
Wands
 d - a wand of paralysis (10)
Scrolls
 g - a scroll of teleportation {unknown}
 k - a scroll of amnesia {unknown}
 m - a scroll of fog {unknown}
 n - a scroll of identify {unknown}
Potions
 b - a potion of agility {unknown}
 h - a potion of lignification {unknown}
 i - a potion of brilliance {unknown}
 j - 2 potions of curing {unknown}
Comestibles
 e - 7 rations {!d}


   Skills:
 + Level 3.2 Fighting
 * Level 3.8 Axes
 + Level 1.9 Armour
 + Level 1.7 Dodging
 - Level 2.6 Stealth
 + Level 3.3 Shields
 - Level 1.0 Spellcasting
 - Level 0.5 Hexes
 - Level 0.8 Evocations


You had 4 spell levels left.
You knew the following spells:

 Your Spells              Type           Power        Failure   Level  Hunger
a - Slow                  Hex            #.......     80%         1    ##.....
Your spell library was empty.

Dungeon Overview and Level Annotations

Branches:
Dungeon (3/12)

Altars:
Hepliaklqana


Innate Abilities, Weirdness & Mutations

You reflexively headbutt those who attack you in melee.
You have a pair of horns on your head.


Message History

Key pressed, stopping explore.
An orc comes into view. It is wielding a +0 dagger.
An orc is nearby!
An orc is nearby!
An orc is nearby!
Found a stone staircase leading down.
The helpless orc fails to defend itself.
You hit the orc. You headbutt the orc.
You kill the orc!
Cheibriados appreciates the change of pace.
No target in view!
No target in view!
No target in view!
No target in view!
No target in view!
Things that are here:
a +0 dagger; a +0 ring mail
e - 7 rations {!d} (gained 1)
Found a leather armour.
Things that are here:
a +0 dagger; a +0 ring mail
f - a +0 ring mail Wear which item? (? for menu, Esc to quit)
You start removing your armour.
You continue taking off your +0 robe. x4
You finish taking off your +0 robe.
You start putting on your armour.
You continue putting on your +0 ring mail. x5
You finish putting on your +0 ring mail.
A dart slug comes into view.
A dart slug is nearby!
Found 11 gold pieces.
The dart slug launches a dart at you. The slug dart misses you.
You hit the dart slug but do no damage. The dart slug launches a dart at you.
The slug dart misses you.
You slash the dart slug!
You kill the dart slug!
Cheibriados appreciates the change of pace.
Cheibriados raises the support of your attributes as your movement slows.
No target in view!
No target in view!
No target in view!
Wear which item? (? for menu, Esc to quit)
You start putting on your armour.
You continue putting on your pair of boots. x4
You finish putting on your +0 pair of boots.
Drop what? 13/52 slots (_ for help) (? for menu, Esc to quit)
You drop a +0 robe.
You butcher the dart slug corpse.
b - a chunk of flesh You now have 161 gold pieces (gained 11).
You open the door.
There is an open door here.
Eating a chunk of flesh.
You eat the chunk of flesh.
This raw flesh tastes terrible.
A kobold comes into view.
A kobold is nearby!
A kobold is nearby!
A kobold is nearby!
The kobold shouts!
The kobold hits you but does no damage.
You hit the kobold.
The kobold is severely wounded.
You block the kobold's attack.
Your shield and ring mail prevent you from hitting the kobold.
The kobold is severely wounded.
You block the kobold's attack.
You hit the kobold.
You kill the kobold!
Cheibriados appreciates the change of pace.
Things that are here:
2 stones; a kobold corpse
b - a yellow potion
Found a ring mail.
Found a hazy altar of Hepliaklqana.
No target in view!
No target in view!
No target in view!
No target in view!
Found a stone staircase leading up.
n - a scroll labeled JIUTSA WEGHIF
Found a stone staircase leading down.
You now have 174 gold pieces (gained 13).
An orc priest comes into view. It is wielding a +2 dagger of venom.
An orc priest is nearby!
An orc priest and an orc wizard come into view.
The orc priest shouts!
You hear a shout! x2
The orc priest invokes the aid of Beogh against you.
Beogh smites you!
An orc comes into view. It is wielding a +0 club.
An orc comes into view. It is wielding a +0 mace.
The orc wizard moves out of view.
You see here a scroll labeled ZUAGYM WOKO.
The orc wizard shouts!
The orc priest mumbles some strange prayers to Beogh against you.
Beogh smites you!
The orc priest invokes the aid of Beogh against you.
Pain shoots through your body!
You die...

#.#.....#
#.#.....#
#.#.....#
#.#.....#
#.#.....#
#.# #.#
#?# #@#
#.......#
#......o#
#...o....
#......##
#..o...
#...oo.
#......


You could see 2 orc priests, an orc wizard and 2 orcs.

Vanquished Creatures
  2 adders
  2 worms (D:3)
  3 dart slugs
  A leopard gecko (D:1)
  2 orcs
  2 ball pythons (D:1)
  A giant cockroach (D:1)
  9 goblins
  6 hobgoblins
  10 jackals
  2 quokkas (D:2)
  12 bats
  6 frilled lizards
  8 kobolds
  5 rats
71 creatures vanquished.

Notes
Turn   | Place    | Note
-------+----------+-------------------------------------------
     0 | D:1      | EnegeticOcto the Minotaur Sloth Apostle began the quest for
                  | the Orb.
     0 | D:1      | Reached XP level 1. HP: 18/18 MP: 1/1
   233 | D:1      | Reached XP level 2. HP: 9/25 MP: 2/2
   614 | D:1      | Reached skill level 1 in Armour
   688 | D:1      | Reached * piety under Cheibriados
   921 | D:1      | Reached XP level 3. HP: 27/30 MP: 3/3
   921 | D:1      | Reached skill level 1 in Dodging
  1700 | D:2      | Reached ** piety under Cheibriados
  1754 | D:2      | Reached XP level 4. HP: 38/38 MP: 4/4
  2767 | D:3      | Found a hazy altar of Hepliaklqana.
  2841 | D:3      | Killed from afar by an orc priest

Skill      XL: |  1  2  3 |
---------------+----------+-----
Axes           | 3 |  3.8
Armour         | 1 |  1.9
Dodging        | 1 |  1.7
Shields        | 3 |  3.3
Fighting       | 3 |  3.2
Stealth        | |  2.6
Spellcasting   | |  1.0
Hexes          | |  0.5
Evocations     | |  0.8

Action                   |  1- 3 |  4- 6 || total
-------------------------+-------+-------++-------
Melee: Hand axe          |    80 |    57 ||   137
       Headbutt          |    13 |    12 ||    25
 Stab: Sleeping          |     9 |     1 ||    10
  Eat: Chunk             |     1 |     2 ||     3
Armor: Robe              |    21 |    13 ||    34
       Ring mail         |       |     1 ||     1
Dodge: Dodged            |    43 |    24 ||    67
Block: Shield            |    53 |    29 ||    82
